 Dungeon Crawl Stone Soup version 0.29.0-13-gc9e81de378 (webtiles) character file.

Game seed: 12180065954934302618

507575 SnakkuSnakku7 the Invulnerable (level 25, -1/212 HPs)
             Began as a Barachi Warper on Sept 10, 2022.
             Was the Champion of Okawaru.
             Killed from afar by an electric golem (33 damage)
             ... with a bolt of lightning
             ... on level 5 of the Realm of Zot.
             The game lasted 01:57:19 (71851 turns).

SnakkuSnakku7 the Invulnerable (Barachi Warper)    Turns: 71851, Time: 01:57:20

Health: -1/212     AC: 57    Str: 26    XL:     25   Next: 3%
Magic:  27/27      EV: 15    Int: 19    God:    Okawaru [******]
Gold:   4357       SH: 35    Dex: 17    Spells: 28/28 levels left

rFire   + + .      SeeInvis +   a - +9 broad axe (flame)
rCold   + . .      Faith    .   g - +4 tower shield {AC+3}
rNeg    . . .      Spirit   .   c - +9 scales of the Dragon King {rPois rF+ rC+ Will+}
rPois   +          Reflect  +   (helmet restricted)
rElec   .          Harm     .   p - +2 cloak {Will+}
rCorr   .          Rampage  .   W - +1 pair of gloves of Repulsion {rC+ Str+5 Int-2 SInv}
Will    +++..                   s - +5 pair of boots of Wogapo {rPois rF+ Int+2}
Stlth   ..........              T - amulet of reflection
HPRegen 0.45/turn               h - ring of protection from fire
MPRegen 0.20/turn               L - ring of the Komtur {rPois AC+4 Int+3 Dex+4}

@: about to teleport, unable to hop, studying Spellcasting, unable to drink,
slow
A: amphibious, slowness 1, inability to drink after injury 2, hated by all,
missing an eye, temperature sensitive, strong legs 2, +LOS, beak, large bone
plates 1, low MP 1, mutation resistance 1
}: 3/15 runes: barnacled, silver, gossamer
a: Hop, Renounce Religion, Heroism, Finesse, Duel


You were on level 5 of the Realm of Zot.
You worshipped Okawaru.
Okawaru was exalted by your worship.
You visited 9 branches of the dungeon, and saw 45 of its levels.
You visited 1 bazaar.
You also visited: Sewer and Ice Cave.

You collected 7987 gold pieces.
You spent 3630 gold pieces at shops.

Inventory:

Hand Weapons
 a - a +9 broad axe of flaming (weapon)
 b - a +4 vorpal broad axe
Missiles
 i - 6 throwing nets
 u - 14 curare-tipped darts (quivered)
Armour
 c - the +9 scales of the Dragon King (worn) {rPois rF+ rC+ Will+}
   (You bought it in a shop on level 2 of the Orcish Mines)

   rF:        It protects you from fire.
   rC:        It protects you from cold.
   rPois:     It protects you from poison.
   Will:      It increases your willpower.
 g - a +4 tower shield of protection (worn)
 p - a +2 cloak of willpower (worn)
 s - the +5 pair of boots of Wogapo (worn) {rPois rF+ Int+2}
   (You acquired it on level 2 of the Lair of Beasts)

   Int:       It affects your intelligence (+2).
   rF:        It protects you from fire.
   rPois:     It protects you from poison.
 U - the +2 helmet "Tuvocosk" {rC+ SInv}
   (You found it on level 1 of the Orcish Mines)

   rC:        It protects you from cold.
   SInv:      It lets you see invisible.
 W - the +1 pair of gloves of Repulsion (worn) {rC+ Str+5 Int-2 SInv}
   (You acquired it on level 2 of the Lair of Beasts)

   Str:       It affects your strength (+5).
   Int:       It affects your intelligence (-2).
   rC:        It protects you from cold.
   SInv:      It lets you see invisible.
Jewellery
 d - a ring of protection from fire
 h - a ring of protection from fire (left hand)
 k - a +4 ring of protection
 o - the ring of the Albatross {rN+ AC+4}
   (You took it off a wizard on level 2 of the Depths)

   [ring of protection]

   AC:        It affects your AC (+4).
   rN:        It protects you from negative energy.
 G - a +4 ring of evasion
 J - an amulet of magic regeneration
 K - a +4 ring of protection
 L - the ring of the Komtur (right hand) {rPois AC+4 Int+3 Dex+4}
   (You took it off a deep elf sorcerer on level 5 of the Vaults)

   [ring of protection]

   AC:        It affects your AC (+4).
   Int:       It affects your intelligence (+3).
   Dex:       It affects your dexterity (+4).
   rPois:     It protects you from poison.
 T - an amulet of reflection (around neck)
Wands
 e - a wand of polymorph (11)
 A - a wand of digging (16)
 B - a wand of flame (56)
 M - a wand of paralysis (24)
 P - a wand of acid (8)
Scrolls
 m - 32 scrolls of teleportation
 n - 5 scrolls of magic mapping
 r - 10 scrolls of vulnerability
 v - 8 scrolls of silence
 y - 6 scrolls of poison
 E - 5 scrolls of amnesia
 I - 3 scrolls of blinking
 V - 5 scrolls of immolation
Potions
 f - 7 potions of attraction
 j - 9 potions of haste
 l - 3 potions of resistance
 w - 4 potions of cancellation
 x - 20 potions of curing
 C - 8 potions of mutation
 D - 7 potions of flight
 F - 6 potions of brilliance
 H - 4 potions of magic
 N - 4 potions of heal wounds
 O - 2 potions of invisibility
 Q - 9 potions of ambrosia
 Z - 7 potions of might
Miscellaneous
 t - a tin of tremorstones (inert)
 z - a condenser vane


   Skills:
 + Level 20.7 Fighting
 - Level 16.0(18.0) Axes
 - Level 3.3(11.0) Maces & Flails
 - Level 12.0(15.0) Polearms
 - Level 1.0 Throwing
 O Level 27 Armour
 - Level 19.6 Dodging
 - Level 20.0 Shields
 - Level 2.1 Spellcasting
 - Level 3.2 Translocations
 - Level 10.0 Invocations
 - Level 9.0 Evocations


You had 28 spell levels left.
You didn't know any spells.
Your spell library contained the following spells:

 Spells                   Type           Power      Damage    Failure   Level
 Apportation              Tloc           28%        N/A       52%         1
 Blink                    Tloc           28%        N/A       65%         2
 Gell's Gravitas          Tloc           14%        N/A       87%         3
 Lesser Beckoning         Tloc           14%        N/A       87%         3
 Teleport Other           Tloc           14%        N/A       87%         3
 Freeze                   Ice            8%         1d3       93%         1
 Magic Dart               Conj           8%         1d3       93%         1
 Necrotise                Necr           8%         1d4       93%         1
 Shock                    Conj/Air       8%         1d3       93%         1
 Slow                     Hex            8%         N/A       93%         1
 Ensorcelled Hibernation  Hex/Ice        4%         N/A       98%         2
 Searing Ray              Conj           4%         2d4       98%         2
 Static Discharge         Conj/Air       2%         3-4/arc   98%         2
 Sublimation of Blood     Necr           2%         N/A       98%         2
 Wereblood                Tmut           2%         N/A       98%         2
 Passage of Golubria      Tloc           14%        N/A       99%         4
 Confusing Touch          Hex            2%         N/A       100%        3
 Frozen Ramparts          Ice            4%         1d1       100%        3
 Ozocubu's Armour         Ice            2%         N/A       100%        3
 Spider Form              Tmut/Pois      2%         N/A       100%        3
 Swiftness                Air            2%         N/A       100%        3
 Vampiric Draining        Necr           2%         2d6       100%        3
 Airstrike                Air            1%         2d(1-17)  100%        4
 Anguish                  Hex/Necr       1%         N/A       100%        4
 Corpse Rot               Necr/Pois/Air  2%         N/A       100%        4
 Dispel Undead            Necr           2%         3d7       100%        4
 Fulminant Prism          Conj/Hex       1%         3d6       100%        4
 Hailstorm                Conj/Ice       2%         3d3       100%        4
 Ice Form                 Ice/Tmut       2%         N/A       100%        4
 Iskenderun's Mystic Bla  Conj/Tloc      8%         2d4       100%        4
 Petrify                  Tmut/Erth      2%         N/A       100%        4
 Sticky Flame             Conj/Fire      2%         2d3       100%        4
 Agony                    Necr           2%         N/A       100%        5
 Fireball                 Conj/Fire      1%         3d3       100%        5
 Freezing Cloud           Conj/Ice/Air   1%         6-21      100%        5
 Irradiate                Conj/Tmut      1%         3d12      100%        5
 Iskenderun's Battlesphe  Conj           2%         2d6       100%        5
 Lee's Rapid Deconstruct  Erth           1%         3d5*      100%        5
 Lightning Bolt           Conj/Air       1%         1d12      100%        5
 Manifold Assault         Tloc           14%        N/A       100%        5
 Metabolic Englaciation   Hex/Ice        1%         N/A       100%        5
 Yara's Violent Unravell  Hex/Tmut       1%         3d3       100%        5
 Conjure Ball Lightning   Conj/Air       1%         3x3d6     100%        6
 Dispersal                Tloc           7%         N/A       100%        6
 Iron Shot                Conj/Erth      1%         9d1       100%        6
 Enfeeble                 Hex            1%         N/A       100%        7
 Orb of Destruction       Conj           1%         9d5       100%        7
 Borgnjor's Revivificati  Necr           1%         N/A       100%        8
 Necromutation            Tmut/Necr      1%         N/A       100%        8
 Death's Door             Necr           1%         N/A       100%        9
 Polar Vortex             Ice            1%         N/A       100%        9
 Summon Small Mammal      Summ           Unusable   N/A       N/A         1
 Tukima's Dance           Hex            Unusable   N/A       N/A         3
 Summon Lightning Spire   Summ/Air       Unusable   N/A       N/A         4
 Death Channel            Necr           Unusable   N/A       N/A         6
 Simulacrum               Ice/Necr       Unusable   N/A       N/A         6
 Spellforged Servitor     Conj/Summ      Unusable   N/A       N/A         7
 Summon Hydra             Summ           Unusable   N/A       N/A         7

Dungeon Overview and Level Annotations

Branches:
Dungeon (15/15)            Temple (1/1) D:6            Lair (5/5) D:11
 Shoals (4/4) Lair:2       Spider (4/4) Lair:3          Orc (2/2) D:11
    Elf (0/3) Orc:2        Vaults (5/5) D:14          Crypt (0/3) Vaults:3
 Depths (4/4) D:15            Zot (5/5) Depths:4      Sewer (visited)
  IceCv (visited)
  Slime: Lair:4-5

Altars:
Ashenzari
Cheibriados
Dithmenos
Elyvilon
Gozag
Kikubaaqudgha
Makhleb
Nemelex Xobeh
Okawaru
Qazlal
Ru
Sif Muna
Trog
Uskayaw
Vehumet
Wu Jian
Xom
Zin
The Shining One
Lugonu

Shops:
D:3 *   Orc:2 :[((   Vaults:4 [

Portals:
Hell: Depths:1 Depths:2 Depths:3 Depths:4
Abyss: Lair:5 Depths:3
Pandemonium: Depths:1 Depths:2 Depths:3 Depths:4
Ziggurat: Depths:1
Trove: Vaults:1 (give +2 shadow dragon scales)

Annotations:
Lair:5 exclusion: oklob plant
Vaults:1 36 runed doors
Zot:4 1 transporter


Innate Abilities, Weirdness & Mutations

You are amphibious.
You cover ground slowly.
You sometimes lose the ability to drink potions when taking damage.
You are hated by all.
You are missing an eye, making it more difficult to aim.
You are sensitive to extremes of temperature. (rF-, rC-)
You can hop long distances.
You have an extended range of vision and can be seen from far away.
You have a beak for a mouth.
You are partially covered in large bone plates. (SH +4)
Your magical capacity is low. (-10% MP)
You are somewhat resistant to further mutation.


Message History

The Killer Klown looks more vulnerable to fire.
The Killer Klown is no longer mute.
The electric golem hurls lightning at you.
The bolt of lightning hits you!! The bolt of lightning misses you.
The electric golem disappears!
Unknown command.
Blink to where?
Press: ? - help, Dir - move target
As you read the scroll of blinking, it crumbles to dust.
The electric golem hurls lightning at you.
The bolt of lightning hits you!!
* * * LOW HITPOINT WARNING * * *
The electric golem hurls lightning at you.
The bolt of lightning hits you!
* * * LOW HITPOINT WARNING * * *
Unknown command.
Blink to where?
Press: ? - help, Dir - move target
Okay, then.
Okay, then.
Blink to where?
Press: ? - help, Dir - move target
As you read the scroll of blinking, it crumbles to dust.
Blink to where?
Press: ? - help, Dir - move target
Found a +0 whip.
As you read the scroll of blinking, it crumbles to dust.
You cannot drink potions in your current state!
Unknown command.
Okay, then.
Okay, then.
You cannot drink potions in your current state!
Unknown command.
As you read the scroll of teleportation, it crumbles to dust.
You feel strangely unstable.
You feel the Orb delaying your translocation!
An Orb Guardian comes into view.
The electric golem hurls lightning at you.
The bolt of lightning hits you!!
You die...

........^..## *,,,,,,^,,,,,,^,,,
...........# *,,,,,,,,.,,,,,,,,
...........## *,,,,,,,..,,,,,,,,
.........9..# *,,,,,,...,,,,,,,,
....^.......#* *,,,,,....,,,,,,,,
.............#**,,,,.....,,^,,,,,
###########...###,,.X....,,,,,,,,
# *#....##.......,,,,,,,,
###..@^).....^,,,,,,,,
#▓▓▓▓▓▓▓▓▓▓▓**,,,,^*
****,,,,,,,,,,,,,,,
***,^,,,,,,,,,,,,^,,,
**,,,,,,,,^,,,,,,,,,,, *********
*,,,,,,,,,,,,^,,,,,,,,
**,,,,,,,***,,,,,^,,,,,,^,,,,,,,,
*,,,,,,,,,**,,,,,,,,,,,,,,,,,,,,,
,,,,,^,,^,,*,,,,,,,,,,,,,,,,,,,,,


You could see an electric golem and an Orb Guardian.

Vanquished Creatures
  A dread lich (Zot:5)
  Mara (Depths:2)
  An orb of fire (Depths:4)
  A juggernaut (Depths:3)
  Boris (twice) (Vaults:2 Depths:2)
  Frederick (Depths:4)
  A shard shrike (Arena)
  Xtahua (Depths:4)
  3 curse toes (Zot:5)
  5 golden dragons
  the Enchantress (Depths:3)
  Mlioglotl (Shoals:1)
  2 walking earthen tomes (Depths:3)
  2 walking crystal tomes (Depths:4)
  4 liches
  9 Orb Guardians (Zot:5)
  9 tentacled monstrosities
  11 titans
  5 sphinxes
  A walking divine tome (Depths:3)
  5 krakens
  Frances (Shoals:2)
  2 quicksilver dragons
  6 death cobs
  Gastronok (D:10)
  An ancient champion (Vaults:3)
  5 shadow dragons (Vaults:5)
  A sphinx (shapeshifter) (Vaults:5)
  Kirke (Lair:5)
  3 draconian monks
  4 tengu reavers
  8 storm dragons
  12 frost giants
  2 draconian scorchers (Zot:5)
  4 emperor scorpions
  A daeva (Depths:1)
  2 draconian knights
  18 vault wardens
  2 deep elf sorcerers
  Louise (Depths:3)
  2 orc warlords
  A balrug (Depths:2)
  2 iron dragons (Vaults:5)
  Aizul (Spider:4)
  A caustic shrike zombie (Depths:2)
  5 ghost moths
  2 draconian shifters
  6 fire giants
  An angel (D:15)
  2 ghouls (Vaults:3)
  2 draconian stormcallers (Zot:5)
  A reaper (Depths:4)
  A draconian annihilator (Zot:5)
  11 ironbound preservers
  6 spriggan defenders
  8 ironbound thunderhulks
  22 very ugly things
  10 stone giants
  3 broodmothers (Spider:3)
  2 war gargoyles
  3 vampire knights
  Nessos (D:13)
  2 black draconians
  3 deep elf annihilators
  A green draconian (Zot:5)
  2 deep elf demonologists (Vaults:5)
  6 dire elephants (Vaults:1)
  5 entropy weavers
  2 red draconians (Zot:5)
  3 spark wasps
  7 white draconians
  7 purple draconians
  6 yellow draconians
  A bunyip (shapeshifter) (Vaults:5)
  A bunyip (Spider:2)
  A lorocyproca (Depths:3)
  An eidolon (Vaults:3)
  5 deep elf death magi (Vaults:5)
  Snorg (Orc:2)
  11 yaktaur captains
  15 ettins
  An ettin (shapeshifter) (Depths:1)
  13 merfolk impalers
  A crystal guardian (Vaults:3)
  7 merfolk javelineers
  7 fire dragons
  2 deep elf high priests (Vaults:5)
  5 great orbs of eyes
  30 vault guards
  2 peacekeepers
  16 ironbound frosthearts
  6 ice dragons
  7 hydras
  Erolcha (Orc:1)
  2 rakshasas
  7 two-headed ogres
  8 boulder beetles
  A merfolk aquamancer (Shoals:3)
  2 jorogumos
  11 ogre magi
  12 centaur warriors
  5 alligator snapping turtles
  6 spriggan air magi (Depths:3)
  2 merfolk avatars
  10 tengu warriors
  3 satyrs
  6 deep troll earth magi
  8 deep troll shamans
  A vampire mage (Depths:4)
  7 death scarabs
  3 orc high priests
  Urug (D:13)
  A shock serpent (shapeshifter) (Vaults:2)
  A titan zombie (Depths:2)
  A spectral emperor scorpion (Spider:4)
  2 spriggan berserkers
  3 thrashing horrors (Lair:5)
  Sonja (D:13)
  A soul eater (Depths:1)
  7 iron trolls
  A sun demon (Depths:3)
  A sun moth (Lair:3)
  4 hell knights
  A shadow wraith (Vaults:5)
  A salamander mystic (Depths:4)
  Nergalle (Lair:3)
  5 pharaoh ants
  2 skeletal warriors (D:8)
  22 deep trolls
  2 deep trolls (shapeshifter)
  6 steelbarb worms
  19 ironbound convokers
  A kraken simulacrum (Shoals:4)
  2 deep elf archers (Vaults:5)
  15 lindwurms
  12 wizards
  2 spectral wolf spiders (Spider:4)
  A glowing orange brain (Depths:3)
  5 orb spiders
  16 sea snakes
  An orange crystal statue (Arena)
  6 orc knights
  8 necromancers
  A tengu zombie (Depths:2)
  24 manticores
  21 harpies
  4 phantasmal warriors (Vaults:5)
  3 orc sorcerers
  A broodmother zombie (Spider:4)
  19 wolf spiders
  13 fauns
  A wolf spider zombie (Spider:4)
  A deep elf zephyrmancer (Vaults:5)
  8 cyclopes
  58 ugly things
  3 deep elf pyromancers
  4 merfolk sirens
  11 moths of wrath
  13 elephants
  3 salamanders (Depths:4)
  A large abomination (Lair:5)
  5 black mambas
  5 rust devils
  Maurice (Orc:1)
  13 vault sentinels
  3 smoke demons (Lair:5)
  Maggie (D:6)
  7 water nymphs
  6 cane toads
  6 torpor snails
  A torpor snail (shapeshifter) (Vaults:5)
  35 yaktaurs
  3 spectral redbacks (Spider:4)
  An unseen horror (D:12)
  8 demonic crawlers
  18 rime drakes
  A freezing wraith (D:8)
  A hellion (Depths:1)
  7 komodo dragons
  2 kobold demonologists (D:12)
  A yaktaur skeleton (Vaults:4)
  6 tengu conjurers
  An ice devil (Depths:1)
  3 ancient zymes (Lair:5)
  A redback zombie (Spider:4)
  2 red devils (Depths:4)
  9 trolls
  A meliai (shapeshifter) (Lair:5)
  43 merfolk
  A tyrant leech (shapeshifter) (Vaults:5)
  2 spectral tarantellas (Spider:4)
  24 tarantellas
  19 polar bears
  7 meliai
  8 wind drakes
  2 tarantella zombies (Spider:4)
  5 hornets
  Grinder (D:3)
  40 slime creatures
  A spectral culicivora (Spider:4)
  2 jumping spider zombies (Spider:4)
  5 spectral jumping spiders (Spider:4)
  20 dream sheep
  8 snapping turtles
  19 blink frogs
  18 jumping spiders
  A centaur simulacrum (D:14)
  6 spriggans
  13 water elementals
  12 culicivoras
  A ynoxinul (Depths:2)
  5 vampires
  5 wyverns
  2 shadows
  10 basilisks
  30 yaks
  4 hogs
  2 golden eyes (shapeshifter)
  A yaktaur simulacrum (Vaults:4)
  2 neqoxecs
  45 redbacks
  A human (Lair:5)
  3 vampire mosquitoes (D:11)
  4 chaos spawn
  Menkaure (D:4)
  10 small abominations (Lair:5)
  An acid dragon (D:10)
  Duvessa (D:5)
  6 water moccasins
  A floating eye (Orc:1)
  A swamp drake (D:11)
  30 orc warriors
  A sky beast (shapeshifter) (D:13)
  2 sky beasts
  8 ogres
  4 black bears
  4 ice beasts
  5 centaurs
  7 boggarts (Vaults:1)
  15 wolves
  15 kobold brigands
  2 phantoms (D:5)
  17 bullfrogs
  A gnoll sergeant (D:9)
  3 scorpions
  2 human skeletons (Vaults:4)
  3 necrophages
  Dowan (D:5)
  9 wights
  23 killer bees
  5 electric eels
  12 howler monkeys
  4 crimson imps (D:13)
  2 jellies
  4 hounds
  16 orc priests
  6 iguanas
  Jessica (D:3)
  Natasha (thrice) (D:2)
  33 orc wizards
  10 adders
  13 gnolls
  A shadow imp (D:7)
  3 ufetubi
  6 worms
  125 orcs
  6 endoplasms
  2 giant cockroaches (D:3)
  4 goblins
  12 hobgoblins
  7 jackals
  30 kobolds
  9 quokkas
  5 ball pythons
  A bat (D:3)
  12 rats
  17 tentacles
1890 creatures vanquished.

Vanquished Creatures (others)
  Nikola (Spider:2)
  A rakshasa (Depths:2)
  A skeletal warrior (D:8)
  2 ugly things (IceCv)
  An elephant (Lair:1)
  A polar bear (Lair:2)
  A merfolk (Shoals:3)
  A tarantella (Spider:3)
  A jumping spider (Spider:1)
  A spriggan (Lair:5)
  2 orcs (Orc:1)
  A kobold (D:9)
  29 fungi
  77 plants
  2 starspawn tentacles (Shoals:1)
  37 tentacles
159 creatures vanquished.

Grand Total: 2049 creatures vanquished

Notes
Turn   | Place    | Note
-------+----------+-------------------------------------------
     0 | D:1      | SnakkuSnakku7 the Barachi Warper began the quest for the
                  | Orb.
     0 | D:1      | Reached XP level 1. HP: 17/17 MP: 3/3
   263 | D:1      | Reached XP level 2. HP: 20/23 MP: 5/5
   615 | D:1      | Found a faded altar of an unknown god.
  1074 | D:2      | Found an ornate altar of the Wu Jian Council.
  1079 | D:2      | Noticed Natasha
  1086 | D:2      | Killed Natasha
  1087 | D:2      | Reached XP level 3. HP: 17/30 MP: 6/6
  1328 | D:2      | Identified the +9 spear of Bofodu {freeze, Fragile rN+++
                  | Dex+2}
  1337 | D:2      | Noticed Natasha
  1357 | D:2      | Killed Natasha
  1358 | D:2      | Reached XP level 4. HP: 23/38 MP: 7/7
  1573 | D:2      | Noticed Natasha
  1581 | D:2      | Killed Natasha
  1582 | D:2      | Reached skill level 1 in Polearms
  1962 | D:2      | Reached XP level 5. HP: 43/43 MP: 8/8
  2101 | D:3      | Noticed Jessica
  2110 | D:3      | Killed Jessica
  2190 | D:3      | Found Xineuhat's General Store.
  2200 | D:3      | Bought a scroll of teleportation for 30 gold pieces
  2200 | D:3      | Bought a scroll of teleportation for 30 gold pieces
  2200 | D:3      | Bought a +0 helmet for 45 gold pieces
  2200 | D:3      | Bought a scroll of enchant armour for 75 gold pieces
  2200 | D:3      | Bought 4 curare-tipped darts for 24 gold pieces
  2224 | D:3      | Found a glowing drain.
  2235 | Sewer    | Entered a sewer
  2263 | Sewer    | Noticed a kobold brigand
  2264 | Sewer    | Noticed a kobold brigand
  2276 | Sewer    | Killed a kobold brigand
  2277 | Sewer    | Reached XP level 6. HP: 39/49 MP: 9/9
  2280 | Sewer    | Reached skill level 5 in Polearms
  2462 | Sewer    | Reached XP level 7. HP: 15/55 MP: 10/10
  3152 | D:3      | Noticed Grinder
  3167 | D:3      | Killed Grinder
  3168 | D:3      | Reached XP level 8. HP: 58/61 MP: 11/11
  3713 | D:4      | Noticed Menkaure
  3726 | D:4      | Killed Menkaure
  4601 | D:5      | Entered Level 5 of the Dungeon
  4678 | D:5      | Found a burning altar of Makhleb.
  4685 | D:5      | Noticed Duvessa
  4690 | D:5      | Noticed Dowan
  4703 | D:5      | Killed Duvessa
  4710 | D:5      | Killed Dowan
  4741 | D:5      | Reached skill level 10 in Polearms
  4835 | D:5      | Reached XP level 9. HP: 60/66 MP: 12/12
  5013 | D:5      | Found a burning altar of Makhleb.
  5199 | D:5      | Found a hide-covered altar of Uskayaw.
  5200 | D:5      | Found a sparkling altar of Nemelex Xobeh.
  5359 | D:5      | Found an ancient bone altar of Kikubaaqudgha.
  5379 | D:5      | Found an opulent altar of Gozag.
  5628 | D:6      | Found a staircase to the Ecumenical Temple.
  5638 | Temple   | Entered the Ecumenical Temple
  5649 | Temple   | Became a worshipper of Ru the Awakened
  5767 | D:6      | Noticed Maggie
  5788 | D:6      | Killed Maggie
  6381 | D:7      | Reached XP level 10. HP: 80/80 MP: 13/13
  6545 | D:7      | Found a blossoming altar of Fedhas.
  6645 | D:7      | Gained mutation: You are hated by all. [Ru sacrifice]
  6645 | D:7      | Reached * piety under Ru
  6825 | D:8      | Identified a scroll of acquirement
  6826 | D:8      | Acquired the +1 pair of gloves "Jeem" {rN+ Str+2 Stlth-}
  6928 | D:8      | Reached skill level 10 in Fighting
  7256 | D:8      | Noticed a cyclops
  7258 | D:8      | Noticed a cyclops
  7258 | D:8      | Noticed a deep elf pyromancer
  7258 | D:8      | Noticed a manticore
  7259 | D:8      | Found a transporter.
  7259 | D:8      | Found a transporter.
  7261 | D:8      | Noticed a two-headed ogre
  7419 | D:8      | Noticed a skeletal warrior
  7446 | D:8      | Noticed a skeletal warrior
  7454 | D:8      | Killed a skeletal warrior
  7455 | D:8      | Reached skill level 2 in Armour
  7459 | D:8      | Noticed a skeletal warrior
  7652 | D:8      | Reached skill level 3 in Armour
  7667 | D:8      | Found a shimmering blue altar of Sif Muna.
  7924 | D:8      | Reached skill level 4 in Armour
  7959 | D:8      | Killed a skeletal warrior
  7960 | D:8      | Reached skill level 5 in Armour
  7960 | D:8      | Reached XP level 11. HP: 13/95 MP: 14/14
  8782 | D:9      | Reached skill level 6 in Armour
  8992 | D:9      | Reached skill level 7 in Armour
  9434 | D:9      | Reached skill level 8 in Armour
  9757 | D:9      | Gained mutation: You are sensitive to extremes of
                  | temperature. (rF-, rC-) [Ru sacrifice]
  9757 | D:9      | Reached ** piety under Ru
  9757 | D:9      | Reached *** piety under Ru
  9757 | D:9      | Reached **** piety under Ru
  9818 | D:10     | Entered Level 10 of the Dungeon
 10130 | D:10     | Reached skill level 9 in Armour
 10416 | D:10     | Noticed Gastronok
 10446 | D:10     | Killed Gastronok
 10447 | D:10     | Reached skill level 5 in Dodging
 10879 | D:11     | Noticed a boulder beetle
 10895 | D:11     | Killed a boulder beetle
 11064 | D:11     | Found a staircase to the Lair.
 11101 | D:11     | You fall into a shaft and drop 1 floor!
 11111 | D:12     | Noticed a five-headed hydra
 11123 | D:12     | Killed a five-headed hydra
 11378 | D:11     | Noticed a manticore
 11395 | D:11     | Killed a manticore
 11537 | D:11     | Reached XP level 12. HP: 99/102 MP: 15/15
 11689 | D:11     | Reached skill level 1 in Evocations
 11719 | D:11     | Noticed a two-headed ogre
 11736 | D:11     | Killed a two-headed ogre
 11832 | D:11     | Found a staircase to the Orcish Mines.
 11839 | D:11     | Noticed a boulder beetle
 11858 | D:11     | Killed a boulder beetle
 11859 | D:11     | Reached skill level 5 in Evocations
 12384 | Lair:1   | Entered Level 1 of the Lair of Beasts
 12392 | Lair:1   | Gained mutation: You are missing an eye, making it more
                  | difficult to aim. [Ru sacrifice]
 12392 | Lair:1   | Reached ***** piety under Ru
 13687 | Lair:2   | Found a staircase to the Shoals.
 13799 | Lair:2   | Gained mutation: You can hop long distances. [Barachi
                  | growth]
 13799 | Lair:2   | Reached XP level 13. HP: 98/112 MP: 16/16
 14404 | Lair:3   | Noticed Nergalle
 14424 | Lair:3   | Killed Nergalle
 14623 | Lair:3   | Found a shimmering blue altar of Sif Muna.
 14635 | Lair:3   | Gained mutation: You occasionally lose the ability to drink
                  | potions when taking damage. [Ru sacrifice]
 14635 | Lair:3   | Gained mutation: You sometimes lose the ability to drink
                  | potions when taking damage. [Ru sacrifice]
 14635 | Lair:3   | Reached ****** piety under Ru
 14748 | D:8      | Reached skill level 15 in Fighting
 14842 | D:8      | Identified the +3 morningstar "Jycum" {flame, +Blink Will+}
 14942 | Temple   | Fell from the grace of Ru
 14942 | Temple   | Became a worshipper of Warmaster Okawaru
 15164 | Lair:3   | Reached skill level 1 in Axes
 15188 | Lair:3   | Found a hole to the Spider Nest.
 15431 | Lair:3   | Reached * piety under Okawaru
 16277 | Lair:4   | Reached skill level 5 in Axes
 16410 | Lair:4   | Reached ** piety under Okawaru
 16808 | Lair:4   | Reached *** piety under Okawaru
 17418 | Lair:5   | Entered Level 5 of the Lair of Beasts
 17580 | Lair:5   | Reached XP level 14. HP: 124/124 MP: 17/17
 17765 | Lair:5   | Noticed Kirke
 18055 | Lair:5   | Killed Kirke
 18056 | Lair:5   | Reached skill level 10 in Axes
 18083 | Lair:5   | Reached **** piety under Okawaru
 18998 | Lair:5   | Reached ***** piety under Okawaru
 19139 | Lair:5   | Identified the +9 chain mail of Okawaru's Fury {Int+5
                  | Dex+4} (Okawaru gifted it to you on level 5 of the Lair of
                  | Beasts)
 19139 | Lair:5   | Received a gift from Okawaru
 19944 | Lair:5   | Found a corrupted altar of Lugonu.
 19944 | Lair:5   | Found a one-way gate to the infinite horrors of the Abyss.
 21549 | Orc:1    | Entered Level 1 of the Orcish Mines
 21549 | Orc:1    | Noticed Maurice
 21562 | Orc:1    | Killed Maurice
 21760 | Orc:1    | Noticed Erolcha
 21772 | Orc:1    | Killed Erolcha
 21876 | Orc:1    | Reached XP level 15. HP: 119/130 MP: 18/18
 21886 | Orc:1    | Reached skill level 15 in Axes
 22073 | Orc:1    | Identified the +2 helmet "Tuvocosk" {rC+ SInv}
 22165 | Orc:2    | Entered Level 2 of the Orcish Mines
 22200 | Orc:1    | Received a gift from Okawaru
 22200 | Orc:1    | Found the +3 Mad Mage's Maulers {Infuse+∞ RegenMP Int-3}
 22871 | Orc:2    | Found a staircase to the Elven Halls.
 23123 | Orc:2    | Noticed Snorg
 23140 | Orc:2    | Killed Snorg
 23314 | Orc:2    | Found Ekaloathribyv's Antique Weapon Emporium.
 23472 | Orc:2    | Reached skill level 1 in Invocations
 23603 | Orc:2    | Noticed an orc warlord
 23921 | Orc:1    | Killed an orc warlord
 24028 | Orc:2    | Found Oropoz's Antique Weapon Boutique.
 24030 | Orc:2    | Found Zaerghu's Antique Armour Shop.
 24228 | Orc:2    | Found Keniff's Book Boutique.
 24413 | D:13     | Noticed Sonja
 24428 | D:13     | Killed Sonja
 24981 | D:13     | Noticed Urug
 25001 | D:13     | Killed Urug
 25020 | D:13     | Noticed Nessos
 25040 | D:13     | Killed Nessos
 25041 | D:13     | Reached skill level 5 in Invocations
 25646 | D:13     | Found a shimmering altar of Xom.
 25880 | D:14     | Received a gift from Okawaru
 26154 | D:14     | Found a frozen archway.
 26441 | IceCv    | Entered an ice cave
 26819 | Arena    | Entered the Arena
 26894 | IceCv    | Reached XP level 16. HP: 122/138 MP: 1/22
 27584 | IceCv    | Reached skill level 10 in Invocations
 27611 | IceCv    | Reached ****** piety under Okawaru
 28178 | IceCv    | Noticed a shard shrike
 28194 | Arena    | Entered the Arena
 28207 | Arena    | Killed a shard shrike
 28208 | Arena    | Reached skill level 10 in Armour
 28463 | IceCv    | Received a gift from Okawaru
 28463 | IceCv    | Found the +7 mace of Variability {chain chaos}
 28608 | D:14     | Reached skill level 1 in Shields
 28897 | D:14     | Found a gate to the Vaults.
 29657 | D:15     | Entered Level 15 of the Dungeon
 29677 | D:15     | Reached skill level 5 in Shields
 29893 | D:15     | Found a staircase to the Depths.
 29972 | D:15     | Received a gift from Okawaru
 31293 | Spider:1 | Entered Level 1 of the Spider Nest
 31691 | Lair:3   | Received a gift from Okawaru
 31953 | Spider:1 | Reached skill level 10 in Shields
 31953 | Spider:1 | Reached XP level 17. HP: 140/144 MP: 1/24
 33608 | Spider:2 | HP: 7/142 [poisoned by an emperor scorpion]
 33610 | Spider:1 | HP: 2/142 [poisoned by an emperor scorpion]
 35236 | Spider:2 | Noticed Nikola
 35259 | Spider:2 | Killed Nikola
 36522 | Spider:3 | Identified the +2 buckler "Acodd" {-Tele Rampage Int+6
                  | Stlth+} (Okawaru gifted it to you on level 3 of the Spider
                  | Nest)
 36522 | Spider:3 | Received a gift from Okawaru
 37039 | Spider:4 | Entered Level 4 of the Spider Nest
 38701 | Spider:4 | Reached skill level 15 in Shields
 38844 | Spider:4 | Reached skill level 11 in Armour
 39496 | Spider:4 | Reached skill level 12 in Armour
 39504 | Spider:4 | Reached XP level 18. HP: 105/142 MP: 1/25
 40317 | Spider:4 | Noticed Aizul
 40338 | Spider:4 | Killed Aizul
 40703 | Spider:4 | Reached skill level 13 in Armour
 40830 | Spider:4 | Identified the -1 helmet "Sosm" {Rampage rF- rCorr Dex+3}
                  | (Okawaru gifted it to you on level 4 of the Spider Nest)
 40830 | Spider:4 | Received a gift from Okawaru
 40993 | Spider:4 | Reached skill level 14 in Armour
 41219 | Spider:4 | Got a gossamer rune of Zot
 41576 | Orc:2    | Bought the +9 scales of the Dragon King {rPois rF+ rC+
                  | Will+} for 2745 gold pieces
 41576 | Orc:2    | Found the +9 scales of the Dragon King {rPois rF+ rC+
                  | Will+}
 41576 | Orc:2    | Bought a pair of glowing gloves for 165 gold pieces
 41576 | Orc:2    | Bought a pair of glowing gloves for 165 gold pieces
 41790 | Shoals:1 | Entered Level 1 of the Shoals
 42021 | Shoals:1 | Reached skill level 15 in Armour
 42579 | Shoals:1 | Noticed Mlioglotl
 42597 | Shoals:1 | Killed Mlioglotl
 43356 | Shoals:2 | Identified the +2 pair of boots "Zecyhaucs" {rC- Will++
                  | Str+4 Dex+9} (Okawaru gifted it to you on level 2 of the
                  | Shoals)
 43356 | Shoals:2 | Received a gift from Okawaru
 43418 | Shoals:2 | Noticed Frances
 43430 | Shoals:2 | Killed Frances
 44148 | Shoals:3 | Reached XP level 19. HP: 126/165 MP: 1/26
 44900 | Shoals:4 | Entered Level 4 of the Shoals
 45243 | Shoals:4 | Received a gift from Okawaru
 45917 | Shoals:4 | Reached skill level 16 in Armour
 46559 | Shoals:4 | Got a barnacled rune of Zot
 46676 | Shoals:4 | Reached skill level 17 in Armour
 47004 | Lair:2   | Acquired the +1 pair of gloves of Repulsion {rC+ Str+5
                  | Int-2 SInv}
 47029 | Lair:2   | Acquired the +5 pair of boots of Wogapo {rPois rF+ Int+2}
 47192 | Vaults:1 | Entered Level 1 of the Vaults
 47684 | Vaults:1 | Received a gift from Okawaru
 48010 | Vaults:1 | Reached skill level 18 in Armour
 48745 | Vaults:1 | Reached XP level 20. HP: 62/176 MP: 27/27
 49184 | Vaults:1 | Reached skill level 19 in Armour
 49207 | Vaults:1 | Received a gift from Okawaru
 49333 | Vaults:1 | Found a huge runed gate.
 49333 | Vaults:1 | Found a huge runed gate.
 49333 | Vaults:1 | Found a huge runed gate.
 49333 | Vaults:1 | Found a huge runed gate.
 49333 | Vaults:1 | Found a huge runed gate.
 49333 | Vaults:1 | Found a huge runed gate.
 49333 | Vaults:1 | Found a huge runed gate.
 49333 | Vaults:1 | Found a huge runed gate.
 49333 | Vaults:1 | Found a huge runed gate.
 49333 | Vaults:1 | Found a huge runed gate.
 49334 | Vaults:1 | Found a huge runed gate.
 49334 | Vaults:1 | Found a huge runed gate.
 49334 | Vaults:1 | Found a huge runed gate.
 49346 | Vaults:1 | Found a huge runed gate.
 49390 | Vaults:1 | Found a huge runed gate.
 49391 | Vaults:1 | Found a huge runed gate.
 49393 | Vaults:1 | Found a huge runed gate.
 49402 | Vaults:1 | Found a huge runed gate.
 49402 | Vaults:1 | Found a huge runed gate.
 49402 | Vaults:1 | Found a huge runed gate.
 49402 | Vaults:1 | Found a huge runed gate.
 49402 | Vaults:1 | Found a huge runed gate.
 49402 | Vaults:1 | Found a huge runed gate.
 49402 | Vaults:1 | Found a huge runed gate.
 49403 | Vaults:1 | Found a huge runed gate.
 49404 | Vaults:1 | Found a huge runed gate.
 49414 | Vaults:1 | Found a huge runed gate.
 49414 | Vaults:1 | Found a huge runed gate.
 49414 | Vaults:1 | Found a huge runed gate.
 49414 | Vaults:1 | Found a huge runed gate.
 49414 | Vaults:1 | Found a huge runed gate.
 49414 | Vaults:1 | Found a huge runed gate.
 49414 | Vaults:1 | Found a huge runed gate.
 49415 | Vaults:1 | Found a huge runed gate.
 49417 | Vaults:1 | Found a huge runed gate.
 49519 | Vaults:1 | Found a portal to a secret trove of treasure.
 49583 | Vaults:1 | Found a huge runed gate.
 50184 | Vaults:2 | Reached skill level 20 in Armour
 50449 | Vaults:2 | Noticed Boris
 50459 | Vaults:2 | Killed Boris
 51018 | Vaults:2 | Received a gift from Okawaru
 51441 | Vaults:2 | You fall into a shaft and drop 1 floor!
 52200 | Vaults:3 | Found a staircase to the Crypt.
 52221 | Vaults:3 | Reached XP level 21. HP: 149/181 MP: 28/28
 53027 | Vaults:3 | Identified the +1 helmet of Uzyott {rN+ rCorr Int-2}
                  | (Okawaru gifted it to you on level 3 of the Vaults)
 53027 | Vaults:3 | Received a gift from Okawaru
 53474 | Vaults:4 | Found Kokli's Antique Armour Emporium.
 53482 | Vaults:4 | Bought a pair of faintly humming boots for 351 gold pieces
 53482 | Vaults:4 | Identified the -1 pair of boots of Discretion {rC+++ rN+
                  | Str-5 Int+3} (You bought it in a shop on level 4 of the
                  | Vaults)
 54351 | Vaults:4 | Identified the +10 arbalest of the Sneaky Wishes {elec,
                  | Contam rElec Str+5 Stlth+}
 54766 | Vaults:5 | Entered Level 5 of the Vaults
 54918 | Vaults:5 | Reached skill level 10 in Dodging
 55235 | Vaults:4 | Identified the +1 helmet of Gravitas {rPois} (Okawaru
                  | gifted it to you on level 4 of the Vaults)
 55235 | Vaults:4 | Received a gift from Okawaru
 55711 | Vaults:5 | Got a silver rune of Zot
 56296 | Vaults:5 | Identified the +12 quarterstaff of the Warrior-Mage {venom,
                  | rC+ rCorr Str+4}
 56341 | Vaults:5 | Reached XP level 22. HP: 57/181 MP: 22/29
 56989 | Vaults:5 | Identified the ring of the Komtur {rPois AC+4 Int+3 Dex+4}
 57340 | Vaults:5 | Received a gift from Okawaru
 57380 | Vaults:5 | Reached skill level 15 in Dodging
 57468 | Vaults:5 | Received a gift from Okawaru
 58399 | Vaults:5 | Identified the +7 hand axe "Sumeh" {vorpal, Dex+4 SInv}
 58669 | Depths:1 | Entered Level 1 of the Depths
 58685 | Depths:1 | Received a gift from Okawaru
 58787 | Depths:1 | Found a flickering gateway to a bazaar.
 58807 | Bazaar   | Entered a bazaar
 58812 | Bazaar   | Found Luteamick's Book Shop.
 58832 | Bazaar   | Found Soer's Antique Armour Shop.
 58928 | Depths:1 | Found a one-way gate leading to the halls of Pandemonium.
 58932 | Depths:1 | Gained mutation: You occasionally lose the ability to read
                  | scrolls when taking damage. [a neqoxec]
 58940 | Depths:1 | Gained mutation: Armour fits poorly on your strangely
                  | shaped body. [a neqoxec]
 58942 | Depths:1 | Lost mutation: Armour fits poorly on your strangely shaped
                  | body. [potion of mutation]
 58942 | Depths:1 | Lost mutation: You occasionally lose the ability to read
                  | scrolls when taking damage. [potion of mutation]
 58942 | Depths:1 | Gained mutation: You have hidden genetic potential. [potion
                  | of mutation]
 58942 | Depths:1 | Gained mutation: You have a pair of small horns on your
                  | head. [potion of mutation]
 58944 | Depths:1 | Lost mutation: You have a pair of small horns on your head.
                  | [potion of mutation]
 58944 | Depths:1 | Lost mutation: You have hidden genetic potential. [potion
                  | of mutation]
 58944 | Depths:1 | Gained mutation: You expend magic power (3 MP) to
                  | strengthen your wands. [potion of mutation]
 58944 | Depths:1 | Gained mutation: You are frail. (-10% HP) [potion of
                  | mutation]
 58944 | Depths:1 | Gained mutation: You are strong-willed. (Will+) [potion of
                  | mutation]
 58944 | Depths:1 | Gained mutation: You are resistant to electric shocks.
                  | (rElec) [potion of mutation]
 58945 | Depths:1 | Lost mutation: You are resistant to electric shocks.
                  | (rElec) [potion of mutation]
 58945 | Depths:1 | Lost mutation: You expend magic power (3 MP) to strengthen
                  | your wands. [potion of mutation]
 58945 | Depths:1 | Lost mutation: You are frail. (-10% HP) [potion of
                  | mutation]
 58945 | Depths:1 | Gained mutation: You are partially covered in large bone
                  | plates. (SH +4) [potion of mutation]
 58945 | Depths:1 | Gained mutation: You have a beak for a mouth. [potion of
                  | mutation]
 58945 | Depths:1 | Gained mutation: You are somewhat resistant to further
                  | mutation. [potion of mutation]
 58975 | Depths:1 | Found a one-way gateway to a ziggurat.
 59830 | Depths:1 | Found a gateway to Hell.
 59856 | Depths:1 | Noticed a golden dragon
 59880 | Depths:1 | Killed a golden dragon
 59985 | Depths:1 | Noticed a golden dragon
 60004 | Depths:1 | Killed a golden dragon
 60452 | Depths:1 | Identified the +3 rapier "Beamocwi" {vorpal, rPois Int+2}
 60685 | Depths:1 | Identified the ring of Xom's Bemusement {Ice Dex+4}
 60986 | Depths:2 | Identified the +7 spear of Peteqaib {flame, rCorr SInv}
                  | (Okawaru gifted it to you on level 2 of the Depths)
 60986 | Depths:2 | Received a gift from Okawaru
 61394 | Depths:1 | Reached XP level 23. HP: 147/196 MP: 30/30
 61537 | Depths:2 | Found a transporter.
 61575 | Depths:2 | Noticed Boris
 61576 | Depths:2 | Noticed Mara
 61579 | Depths:2 | Found a shimmering blue altar of Sif Muna.
 61664 | Depths:2 | Identified the ring of the Albatross {rN+ AC+4}
 62250 | Depths:2 | Received a gift from Okawaru
 62269 | Depths:2 | Killed Boris
 62281 | Depths:2 | Noticed SnakkuSnakku7's illusion
 62701 | Depths:2 | Noticed SnakkuSnakku7's illusion
 63065 | Depths:2 | Killed Mara
 63103 | Depths:2 | Found a transporter.
 63126 | Depths:3 | Noticed the Enchantress
 63136 | Depths:3 | Reached skill level 21 in Armour
 63155 | Depths:3 | Killed the Enchantress
 63397 | Depths:3 | Found a broken altar of Ashenzari.
 63621 | Depths:3 | Reached skill level 22 in Armour
 63705 | Depths:3 | Noticed Louise
 63726 | Depths:3 | Killed Louise
 63779 | Depths:3 | Found an iron altar of Okawaru.
 64058 | Depths:3 | Noticed a juggernaut
 64073 | Depths:3 | Killed a juggernaut
 64480 | Depths:3 | Identified the +0 plate armour of the Lobster {MP+9 Dex+2}
 64512 | Depths:3 | Received a gift from Okawaru
 64861 | Depths:3 | Reached skill level 23 in Armour
 65065 | Depths:4 | Entered Level 4 of the Depths
 65302 | Depths:4 | Reached XP level 24. HP: 204/204 MP: 30/30
 65664 | Depths:4 | Reached skill level 24 in Armour
 66277 | Depths:4 | Noticed Xtahua
 66297 | Depths:4 | Killed Xtahua
 66513 | Depths:4 | Noticed Frederick
 66538 | Depths:4 | Killed Frederick
 66876 | Depths:4 | Received a gift from Okawaru
 66877 | Depths:4 | Found a gate to the Realm of Zot.
 67072 | Zot:1    | Entered Level 1 of the Realm of Zot
 67081 | Zot:1    | Reached skill level 25 in Armour
 67233 | Zot:1    | Noticed an orb of fire
 67239 | Zot:1    | Gained mutation: You are frail. (-10% HP) [an orb of fire]
 67597 | Depths:4 | Gained mutation: Your spells are a little easier to cast,
                  | but a little less powerful. [an orb of fire]
 67907 | Depths:4 | Gained mutation: You occasionally lose the ability to read
                  | scrolls when taking damage. [an orb of fire]
 67914 | Depths:4 | Gained mutation: Your magical capacity is low. (-10% MP)
                  | [an orb of fire]
 67924 | Depths:4 | Killed an orb of fire
 68473 | Zot:4    | Found a transporter.
 68498 | Zot:4    | Received a gift from Okawaru
 68746 | Zot:5    | Entered Level 5 of the Realm of Zot
 68746 | Zot:5    | Noticed a curse toe
 68782 | Zot:4    | Reached skill level 26 in Armour
 68955 | Zot:3    | Lost mutation: You occasionally lose the ability to read
                  | scrolls when taking damage. [potion of mutation]
 68955 | Zot:3    | Lost mutation: Your spells are a little easier to cast, but
                  | a little less powerful. [potion of mutation]
 68956 | Zot:3    | Lost mutation: You are strong-willed. (Will+) [potion of
                  | mutation]
 68956 | Zot:3    | Lost mutation: You are frail. (-10% HP) [potion of
                  | mutation]
 69026 | Zot:5    | Killed a curse toe
 69345 | Zot:5    | Noticed a curse toe
 69361 | Zot:5    | Killed a curse toe
 70018 | Zot:5    | Noticed a curse toe
 70035 | Zot:5    | Killed a curse toe
 71247 | Zot:5    | Reached skill level 27 in Armour
 71587 | Zot:5    | Noticed a dread lich
 71619 | Zot:5    | Killed a dread lich
 71620 | Zot:5    | Reached XP level 25. HP: 147/212 MP: 27/27
 71834 | Zot:5    | Noticed a Killer Klown
 71835 | Zot:5    | Noticed a Killer Klown
 71851 | Zot:5    | Killed from afar by an electric golem

Illustrated notes

Levels and vault maps discovered:
D:1:      spicycebolla_green_bress_n_ham_2, layout_rooms, basic_ecumenical_altar
D:2:      cheibrodos_helix_gallery, layout_loops_ring, basic_altar, uniq_natasha
D:3:      layout_loops_ring, gup_sewer_entry_pipe, serial_shops, shop_fountains,
          uniq_jessica, uniq_grinder
D:4:      layout_basic, kennysheep_windowed_goal, uniq_menkaure
D:5:      minmay_evil_eye, layout_rooms, nicolae_overflow_two_pavilions,
          mainiacjoe_overflow_large_starburst, kennysheep_mini_moat,
          minmay_ruined_shrine, uniq_duvessa
D:6:      layout_gridville, lemuel_temple_firewalk_b, uniq_maggie
D:7:      layout_basic, mainiacjoe_overflow_brackets
D:8:      gammafunk_sealed_arena, layout_layer_cave, minitemple
D:9:      layout_basic
D:10:     layout_irregular_city, grunt_ogre_cave, st_stairs_2,
          lemuel_flamethrower_1, uniq_gastronok
D:11:     layout_rooms, lair_entry_dummy, erik_orc_1, minmay_misc_feat_enclosed
D:12:     layout_roguey
D:13:     cheibrodos_orc_bank, layout_small_grid, led_xom_imps, uniq_sonja,
          uniq_urug, uniq_nessos
D:14:     layout_cave_pools, skrybe_vaults_entry_preservation,
          portal_ice_cave_entry_ugly_swarm, serial_column_ruins,
          column_ruins_hut, column_ruins_circle_small, column_ruins_grid_3,
          column_ruins_columns_water, column_ruins_open_tiny,
          column_ruins_open_medium, column_ruins_open_small,
          chequers_serial_rivers_micro_b
D:15:     hangedman_depths_entry_civil_slaughter, layout_loops_ring,
          moated_statue
Temple:   eino_temple_lava
Lair:1:   layout_roguey, chequers_serial_rivers_room_b, grunt_megastairs_2
Lair:2:   layout_regular_city, shoals_dummy_entry, serial_bayou_shore_b,
          infiniplex_staircase_pool_2, grunt_megastairs_4
Lair:3:   layout_loops_ring, dummy_spider_entry, basic_altar,
          serial_bayou_shore_a, lemuel_fruit_tree, uniq_nergalle
Lair:4:   layout_regular_city, nicolae_lair_grove_arrangements
Lair:5:   hellmonk_lair_end_abyssal_woods, layout_loops_ring,
          minmay_slime_entry_oklob_enclosed, disabler_island, uniq_kirke
Shoals:1: cheibrodos_shoals_oceanic_diplomacy, layout_shoals, uniq_mlioglotl
Shoals:2: layout_shoals, uniq_frances
Shoals:3: layout_shoals, nicolae_shoals_mertower
Shoals:4: shoals_end_grunt_ice, layout_shoals, nicolae_shoals_kraken_party
Spider:1: layout_spider_delve, nicolae_spider_webbed_stairs
Spider:2: layout_spider_delve, hangedman_spider_tarantella_strand, uniq_nikola
Spider:3: layout_spider_delve
Spider:4: floodkiller_spider_rune_tomb, nicolae_spider_eight_legs, uniq_aizul
Orc:1:    hellmonk_paralyzer, layout_caves, uniq_erolcha, uniq_maurice
Orc:2:    grunt_orc_community_town_hall, layout_diamond_mine,
          grunt_orc_community_big_house_1, grunt_orc_community_big_house_1,
          grunt_orc_community_house_1, grunt_orc_community_house_2,
          grunt_orc_community_house_1, grunt_orc_community_house_1,
          nicolae_orc_rockfall, uniq_snorg
Vaults:1: nicolae_vaults_little_ls, vaults_room_hallway, v_misc_9,
          nicolae_vaults_specimen_jars, vaults_mumra_lcd, v_alt_pattern_3,
          not_door_vault_mu, hangedman_vaults_pinch,
          nicolae_vaults_mini_display_case, nicolae_vaults_angled_halls,
          v_misc_18, ontoclasm_vaults_tryst, grunt_vaults_hallway_short,
          vaults_room_grunt_arrival_ludios, layout_vaults_maze_snakey,
          enter_trove_6
Vaults:2: vaults_mumra_minichess_inversion, v_alt_pattern_2,
          vaults_room_hallway, v_misc_2, v_misc_31, vaults_room_boxed,
          nicolae_vaults_little_squares_1, vaults_room_hangedman_quadrants,
          v_misc_3, nicolae_vaults_gold_heap, layout_vaults_big_room, uniq_boris
Vaults:3: hangedman_vaults_slice, ontoclasm_vaults_twist, v_misc_24,
          vaults_standard_mumra_enter_the_diamond,
          vaults_standard_mumra_enter_the_diamond, layout_vaults_quadrants,
          minmay_crypt_entry_simple_statues
Vaults:4: vaults_room_octagon, vaults_mumra_hexcomb, v_misc_33,
          vaults_room_large_hall, grunt_vaults_hallway_long, grunt_vaults_focal,
          v_misc_25, ontoclasm_vaults_shuriken, v_misc_33,
          hangedman_vaults_trim, nicolae_vaults_yaktaur_gun_rack, v_pattern_2,
          layout_vaults_ring, serial_shops,
          nicolae_shop_temple_entry_statues_fountains
Vaults:5
Depths:1: minmay_strange_plus, layout_cave_shapes, enter_ziggurat_c,
          roderic_roman_lattice, serial_shops, bzr_entry_safe,
          rand_demon_pan_entry_7, hell_entry, serial_bayou_pond_e,
          kennysheep_generic_room_9
Depths:2: gammafunk_sealed_library, layout_cave_pools, rand_demon_pan_entry_4,
          hell_entry, uniq_mara
Depths:3: four-leaf_vault, layout_basic, nicolae_abyss_entry_one_way_or_another,
          pf_coc_iceberg, rand_demon_pan_entry_1, okawaru_trees_2,
          nicolae_ashenzari_panopticon, infiniplex_staircase_pillars_2,
          uniq_enchantress
Depths:4: grunt_crosshair, layout_cave_pools, rand_demon_pan_entry_9,
          hell_entry, uniq_xtahua, uniq_frederick
Zot:1:    layout_basic, grunt_ministairs_15
Zot:2:    layout_basic, st_stairs_3
Zot:3:    layout_gridlike
Zot:4:    layout_onion_interference, gammafunk_ghost_arena,
          serial_nicolae_subway, nicolae_sub_station_crystal,
          nicolae_sub_station_metal, nicolae_sub_station_stone
Zot:5:    layout_gridlike

Skill      XL: |  1  2  3  4  5  6  7  8  9 10 11 12 13 14 15 16 17 18 19 20 21 22 23 24 |
---------------+-------------------------------------------------------------------------+-----
Fighting       | 3 4 7 12 13 15 18 20 | 20.7
Maces & Flails | 3 |  3.3
Polearms       | 2 4 5 7 10 12 | 12.0
Armour         | 5 9 10 12 15 18 20 23 27 | 27.0
Dodging        | 8 9 13 18 19 | 19.6
Evocations     | 9 |  9.0
Axes           | 9 14 16 | 16.0
Invocations    | 8 10 | 10.0
Shields        | 10 15 18 20 | 20.0
Throwing       | |  1.0
Spellcasting   | |  2.1
Translocations | |  3.2

Action                   |  1- 3 |  4- 6 |  7- 9 | 10-12 | 13-15 | 16-18 | 19-21 | 22-24 | 25-27 || total
-------------------------+-------+-------+-------+-------+-------+-------+-------+-------+-------++-------
Melee: Mace              |    15 |       |       |       |       |       |       |       |       ||    15
       Flail             |    40 |       |       |       |       |       |       |       |       ||    40
       Rapier            |    13 |       |       |       |       |       |       |       |       ||    13
       Spear             |       |    84 |   361 |   908 |  2113 |   608 |       |       |       ||  4074
       Punch             |       |       |     3 |     6 |    27 |     1 |       |       |       ||    37
       Broad axe         |       |       |       |       |       |  1458 |  1783 |  2094 |    30 ||  5365
       Peck              |       |       |       |       |       |       |       |   424 |     2 ||   426
Throw: Dart              |       |       |     4 |     4 |     2 |     3 |       |       |       ||    13
Invok: Sacrifice Love    |       |       |       |     1 |       |       |       |       |       ||     1
       Sacrifice Resista |       |       |       |     1 |       |       |       |       |       ||     1
       Sacrifice an Eye  |       |       |       |     1 |       |       |       |       |       ||     1
       Apocalypse        |       |       |       |       |     1 |       |       |       |       ||     1
       Sacrifice Drink   |       |       |       |       |     1 |       |       |       |       ||     1
       Heroism           |       |       |       |       |     1 |     3 |     3 |     8 |       ||    15
       Duel              |       |       |       |       |     1 |     1 |       |       |       ||     2
       Finesse           |       |       |       |       |       |     1 |     2 |     5 |       ||     8
 Abil: Hop               |     1 |     1 |     1 |     6 |     7 |     9 |     3 |    10 |     1 ||    39
Evoke: Wand              |       |       |       |     4 |    21 |    35 |     2 |     5 |       ||    67
       Tin of tremorston |       |       |       |       |       |     8 |     5 |     5 |     2 ||    20
       Condenser vane    |       |       |       |       |       |       |       |     1 |       ||     1
  Use: Potion            |     6 |     1 |     1 |     3 |       |     4 |     1 |     8 |       ||    24
       Scroll            |     1 |     1 |     8 |    10 |     6 |    20 |     8 |    20 |     5 ||    79
 Stab: Invisible         |       |       |       |     2 |     5 |       |       |       |       ||     7
       Paralysed         |       |       |       |       |     3 |    10 |       |     1 |       ||    14
       Distracted        |       |       |       |       |     1 |     1 |       |     1 |       ||     3
       Held in net/web   |       |       |       |       |       |     1 |       |       |       ||     1
       Confused          |       |       |       |       |       |       |       |     1 |       ||     1
Armor: Leather armour    |    21 |    11 |    68 |       |       |       |       |       |       ||   100
       Steam dragon scal |       |       |     2 |   208 |   181 |       |       |       |       ||   391
       Chain mail        |       |       |       |       |   399 |   830 |       |       |       ||  1229
       Plate armour      |       |       |       |       |    64 |   113 |       |       |       ||   177
       Gold dragon scale |       |       |       |       |       |   232 |   860 |   661 |    16 ||  1769
Dodge: Dodged            |    44 |    44 |    67 |   434 |  1103 |   918 |   406 |   591 |     8 ||  3615
Block: Tower shield      |       |       |       |       |       |  1993 |  1864 |  2360 |    37 ||  6254
       Reflection        |       |       |       |       |       |    29 |   110 |    34 |     2 ||   175
